 Dungeon Crawl Stone Soup version 0.31-a0-692-gf03d1854d5 (webtiles) character file.

Game seed: 17291268794410195104

2099 qw the Skirmisher (level 9, -5/57 HPs)
             Began as a Gargoyle Hunter on Sept 6, 2023.
             Was an Initiate of Okawaru.
             Slain by a gargoyle
             ... wielding a +0 morningstar
              (21 damage)
             ... on level 7 of the Dungeon.
             The game lasted 00:03:06 (6343 turns).

qw the Skirmisher (Gargoyle Hunter)                 Turns: 6343, Time: 00:03:06

Health: -5/57      AC: 13    Str: 18    XL:     9   Next: 28%
Magic:  9/9        EV: 13    Int:  9    God:    Okawaru [......]
Gold:   281        SH:  0    Dex: 17    Spells: 8/8 levels left

rFire   + . .        Y - +1 shortbow (chaos)
rCold   + + .        (shield currently unavailable)
rNeg    + . .        b - +3 leather armour
rPois   inf          a - +0 helmet
rElec   +            (no cloak)
rCorr   .            (no gloves)
SInv    .            (no boots)
Will    .....        l - amulet "Powil" {Faith Rampage rF+ rC++ Str+2}
Stlth   ++           (no ring)
HPRegen 0.29/turn    (no ring)
MPRegen 0.11/turn

%: rampage, faith
@: no status effects
A: sickness immunity, AC +6, negative energy resistance 1, electricity
resistance, torment resistance 1, petrification resistance, mutation resistance
1
a: Renounce Religion


You were on level 7 of the Dungeon.
You worshipped Okawaru.
Okawaru was noncommittal.
You visited 2 branches of the dungeon, and saw 8 of its levels.

You collected 281 gold pieces.


Innate Abilities, Weirdness & Mutations

You are immune to sickness and miasma.
Your stone body is resilient. (AC +6)
You are immune to poison.
You resist negative energy. (rN+)
You are resistant to electric shocks. (rElec)
You are resistant to unholy torment.
You are immune to petrification.
You are somewhat resistant to further mutation.


   Skills:
 - Level 7.0 Fighting
 + Level 10.3 Ranged Weapons
 - Level 2.0 Armour
 - Level 3.2 Dodging
 - Level 1.1 Stealth


You had 8 spell levels left.
You didn't know any spells.
Your spell library was empty.

Inventory:

Hand Weapons
 Y - a +1 shortbow of chaos (weapon)
Armour
 a - a +0 helmet (worn)
 b - a +3 leather armour (worn)
 k - a +1 ring mail of cold resistance
Jewellery
 d - an amulet of reflection
 l - the amulet "Powil" (around neck) {Faith Rampage rF+ rC++ Str+2}
   (You found it on level 3 of the Dungeon)

   [amulet of faith]

   Faith:     It allows you to gain divine favour quickly.
   Str+2:     It affects your strength (+2).
   rF+:       It protects you from fire.
   rC++:      It greatly protects you from cold.
   Rampage:   It bestows one free step when moving towards enemies.
Wands
 h - a wand of digging (6)
Scrolls
 e - a scroll of enchant armour {unknown}
 f - a scroll of identify
Potions
 c - a potion of might
 j - a potion of magic {unknown}
 m - a potion of mutation
 o - a potion of enlightenment
 r - a potion of resistance {unknown}

Dungeon Overview and Level Annotations

Branches:
Dungeon (7/15)             Temple (1/1) D:5

Altars:
Ashenzari
Cheibriados
Dithmenos
Fedhas
Gozag
Hepliaklqana
Kikubaaqudgha
Makhleb
Nemelex Xobeh
Okawaru
Qazlal
Ru
Sif Muna
Trog
Uskayaw
Vehumet
Wu Jian
Xom
Yredelemnul
Zin

Annotations:
D:6 3 runed translucent doors, qw's ghost, novice GrHu


Message History

You shoot an arrow.
The arrow hits the sleepcap but does no damage.
The sleepcap seems to grow stronger.
The sleepcap releases spores at you but does no damage.
You shoot an arrow. The arrow hits the sleepcap.
The arrow burns the sleepcap.
The sleepcap is lightly damaged.
The sleepcap misses you.
You shoot an arrow. The arrow hits the sleepcap!
The sleepcap is heavily damaged.
The sleepcap barely misses you.
You shoot an arrow.
The arrow hits the sleepcap but does no damage.
The sleepcap is heavily damaged.
The sleepcap barely misses you.
You shoot an arrow. The arrow hits the sleepcap!
The arrow burns the sleepcap.
The sleepcap is almost destroyed.
The sleepcap completely misses you.
You shoot an arrow.
The arrow completely misses the sleepcap.
The arrow barely misses the gargoyle.
The arrow barely misses the black bear.
You shoot an arrow. The arrow hits the sleepcap.
The sleepcap seems to speed up.
The sleepcap is almost destroyed.
The sleepcap releases spores at you but does no damage. x2
You shoot an arrow. The arrow hits the sleepcap!
Lightning courses through the sleepcap!!
You destroy the sleepcap!
Okawaru accepts your kill.
You shoot an arrow.
The arrow hits the gargoyle but does no damage.
The gargoyle is moderately damaged.
The gargoyle hits you but does no damage.
You shoot an arrow. The arrow hits the gargoyle.
The arrow freezes the gargoyle.
The gargoyle is moderately damaged.
The gargoyle hits you with a +0 morningstar!
You shoot an arrow.
The arrow completely misses the gargoyle.
The arrow hits the black bear.
The black bear seems to speed up.
The black bear is moderately wounded.
The gargoyle hits you with a +0 morningstar!!
You die...

.## .!.. #F# .... ..#
#.. #:# #....# #.. #.#
#f# ...... #.#####.#..#
......####.......#.#
......#.##.# #.#..#
#..#...#.###.Fh#
#..........##9#
#..#...####.##@# ##.##
#.##..# <..####.##
#.###...
.........####.######..
##.####.........####..#
#..####.#...... ..
#.........(.# .
#..####.#.#.# #### #.#
..


You could see a black bear (fast), a gargoyle (strong) and a bullfrog.

Vanquished Creatures
  Eustachio (D:4)
  2 steam dragons (D:6)
  Duvessa (D:6)
  2 black bears (D:4)
  An ogre (D:5)
  A centaur (D:5)
  3 phantoms
  A bullfrog (D:6)
  2 scorpions
  Dowan (D:6)
  A howler monkey (D:5)
  4 orc priests (D:5)
  4 hounds
  A jelly (D:6)
  2 iguanas
  Terence (D:2)
  2 sleepcaps
  Natasha (D:2)
  5 orc wizards
  Robin (D:2)
  4 gnolls
  4 adders
  An ufetubus (D:5)
  A worm (D:3)
  2 dart slugs
  21 orcs
  11 ball pythons
  3 bats
  6 endoplasms
  5 giant cockroaches
  10 goblins
  13 hobgoblins
  4 jackals (D:4)
  4 quokkas
  3 frilled lizards
  5 kobolds
  2 rats (D:3)
136 creatures vanquished.

Notes
Turn   | Place    | Note
-------+----------+-------------------------------------------
     0 | D:1      | qw the Gargoyle Hunter began the quest for the Orb.
     0 | D:1      | Reached XP level 1. HP: 12/12 MP: 1/1
     0 | D:1      | 0 ||| qw: Version: 0.3-a-76-g4403597
     0 | D:1      | 0 ||| qw: Game counter: 186
     0 | D:1      | 0 ||| qw: Melee chars always use a shield: true
     0 | D:1      | 0 ||| qw: God list: Okawaru
     0 | D:1      | 0 ||| qw: Allow faded altars: false
     0 | D:1      | 0 ||| qw: Do Orc after clearing Dungeon:15 true
     0 | D:1      | 0 ||| qw: Do second Lair branch before Depths: true
     0 | D:1      | 0 ||| qw: Lair rune preference: random
     0 | D:1      | 0 ||| qw: Goals: Normal
     0 | D:1      | 0 ||| PLANNING D:1-11
   260 | D:1      | Reached XP level 2. HP: 15/17 MP: 2/2
   327 | D:1      | Found a faded altar of an unknown god.
   736 | D:1      | Reached XP level 3. HP: 21/21 MP: 3/3
   928 | D:1      | 928 ||| UPGRADING to +0 ring mail.
   938 | D:1      | 938 ||| DROPPING +0 leather armour.
   939 | D:1      | 939 ||| UPGRADING to amulet of reflection.
   944 | D:1      | 944 ||| READING scroll labelled CEROTO UXEIFO.
   945 | D:1      | 945 ||| READING 2 scrolls labelled KOAG ZUASESTIRR.
   946 | D:1      | 946 ||| READING scroll labelled VAXYR VACA.
   947 | D:1      | 947 ||| DROPPING scroll of butterflies.
   948 | D:1      | 948 ||| DROPPING scroll of fear.
  1060 | D:2      | Noticed Terence
  1072 | D:2      | Killed Terence
  1073 | D:2      | Reached skill level 1 in Armour
  1143 | D:2      | Noticed Robin
  1156 | D:2      | Killed Robin
  1157 | D:2      | Reached skill level 5 in Ranged Weapons
  1157 | D:2      | Reached XP level 4. HP: 23/26 MP: 4/4
  1217 | D:2      | 1217 ||| Stepping ~*~*~tactically~*~*~ (water).
  1642 | D:2      | Noticed Natasha
  1651 | D:2      | Killed Natasha
  1652 | D:2      | Reached skill level 3 in Fighting
  1743 | D:2      | 1743 ||| UPGRADING to +0 helmet.
  1748 | D:2      | 1748 ||| READING scroll labelled MALYIH CO KOL.
  1749 | D:2      | 1749 ||| READING scroll labelled LAUXIYFF MIYSH.
  1753 | D:2      | 1753 ||| DRINKING 2 emerald potions.
  1754 | D:2      | 1754 ||| DROPPING potion of attraction.
  1975 | D:3      | Reached XP level 5. HP: 32/32 MP: 5/5
  2022 | D:3      | Identified the amulet "Powil" {Faith Rampage rF+ rC++
                  | Str+2}
  2027 | D:3      | 2027 ||| Stepping ~*~*~tactically~*~*~ (outnumbered).
  2030 | D:3      | 2030 ||| Stepping ~*~*~tactically~*~*~ (outnumbered).
  2031 | D:3      | 2031 ||| Stepping ~*~*~tactically~*~*~ (outnumbered).
  2032 | D:3      | 2032 ||| Stepping ~*~*~tactically~*~*~ (outnumbered).
  2230 | D:3      | HP: 8/32 [something (4)]
  2236 | D:3      | HP: 5/32 [something (1)]
  2238 | D:3      | HP: 1/32 [something (4)]
  2649 | D:3      | 2649 ||| UPGRADING to +1 ring mail of cold resistance.
  2659 | D:3      | 2659 ||| DROPPING +0 ring mail.
  2660 | D:3      | 2660 ||| UPGRADING to amulet "Powil" {Faith Rampage rF+
                  | rC++ Str+2}.
  2670 | D:3      | 2670 ||| READING scroll labelled BATOLOU XAFRI.
  2671 | D:3      | 2671 ||| READING 2 scrolls of identify.
  2671 | D:3      | 2671 ||| IDENTIFYING glowing golden potion
  2672 | D:3      | 2672 ||| DROPPING potion of ambrosia.
  2783 | D:4      | 2783 ||| Stepping ~*~*~tactically~*~*~ (retreating).
  2797 | D:4      | Reached skill level 6 in Ranged Weapons
  2797 | D:4      | 2797 ||| FLEEEEING.
  2798 | D:4      | 2798 ||| FLEEEEING.
  2799 | D:4      | 2799 ||| FLEEEEING.
  2806 | D:4      | 2806 ||| FLEEEEING.
  2807 | D:4      | 2807 ||| FLEEEEING.
  2808 | D:4      | 2808 ||| FLEEEEING.
  2816 | D:4      | 2816 ||| FLEEEEING.
  2817 | D:4      | 2817 ||| FLEEEEING.
  2818 | D:4      | 2818 ||| FLEEEEING.
  2819 | D:4      | 2819 ||| FLEEEEING.
  2820 | D:4      | 2820 ||| FLEEEEING.
  2821 | D:4      | 2821 ||| FLEEEEING.
  2822 | D:4      | 2822 ||| FLEEEEING.
  2823 | D:4      | 2823 ||| FLEEEEING.
  2824 | D:4      | 2824 ||| FLEEEEING.
  2825 | D:4      | 2825 ||| FLEEEEING.
  2826 | D:4      | 2826 ||| FLEEEEING.
  2834 | D:4      | 2834 ||| FLEEEEING.
  2835 | D:4      | 2835 ||| FLEEEEING.
  2836 | D:4      | 2836 ||| FLEEEEING.
  2838 | D:4      | 2838 ||| FLEEEEING.
  2846 | D:4      | 2846 ||| FLEEEEING.
  2847 | D:4      | 2847 ||| FLEEEEING.
  2848 | D:4      | 2848 ||| FLEEEEING.
  2849 | D:4      | 2849 ||| FLEEEEING.
  2850 | D:4      | 2850 ||| STAIRDANCE
  2871 | D:3      | Reached XP level 6. HP: 21/38 MP: 6/6
  2936 | D:4      | 2936 ||| STAIRDANCE
  2975 | D:4      | 2975 ||| STAIRDANCE
  3107 | D:4      | Noticed a black bear
  3122 | D:4      | Killed a black bear
  3233 | D:4      | Noticed a black bear
  3238 | D:4      | Killed a black bear
  3239 | D:4      | Reached skill level 7 in Ranged Weapons
  3239 | D:4      | Reached XP level 7. HP: 43/43 MP: 7/7
  3800 | D:4      | 3800 ||| READING scroll labelled QIGIAZ WEEGOTS.
  3901 | D:4      | 3901 ||| READING scroll labelled NUQITZ LOZXOS.
  3902 | D:4      | 3902 ||| READING scroll labelled HUNUOKU TINKY.
  3932 | D:4      | 3932 ||| READING scroll labelled NUZOB PAMMA.
  3933 | D:4      | 3933 ||| READING scroll labelled KUNUOPIXIO.
  3934 | D:4      | 3934 ||| DRINKING 2 brown potions.
  3935 | D:4      | 3935 ||| DRINKING 2 bubbling black potions.
  3935 | D:4      | Gained mutation: Potions are less effective at restoring
                  | your health. [potion of mutation]
  3935 | D:4      | Lost mutation: Potions are less effective at restoring your
                  | health. [potion of mutation]
  3935 | D:4      | Gained mutation: You are somewhat resistant to further
                  | mutation. [potion of mutation]
  3936 | D:4      | 3936 ||| DRINKING 2 coppery potions.
  3953 | D:5      | Entered Level 5 of the Dungeon
  3961 | D:5      | Reached skill level 8 in Ranged Weapons
  3961 | D:5      | 3961 ||| STAIRDANCE
  4086 | D:5      | Reached XP level 8. HP: 40/49 MP: 8/8
  4171 | D:5      | HP: 11/49 [orc/+0 mace (6)]
  4172 | D:5      | 4172 ||| READING scroll of teleportation.
  4342 | D:5      | 4342 ||| Stepping ~*~*~tactically~*~*~ (outnumbered).
  4349 | D:5      | 4349 ||| Stepping ~*~*~tactically~*~*~ (outnumbered).
  4361 | D:5      | HP: 3/49 [orc priest/divine providence (16)]
  4526 | D:5      | 4526 ||| Stepping ~*~*~tactically~*~*~ (outnumbered).
  4528 | D:5      | 4528 ||| Stepping ~*~*~tactically~*~*~ (outnumbered).
  4563 | D:5      | Found a basalt altar of Yredelemnul.
  4563 | D:5      | Found a broken altar of Ashenzari.
  4563 | D:5      | Found an ornate altar of the Wu Jian Council.
  4671 | D:5      | Noticed Eustachio
  4672 | D:5      | 4672 ||| RETREATING.
  4676 | D:5      | 4676 ||| Stepping ~*~*~tactically~*~*~ (retreating).
  4703 | D:5      | Reached skill level 9 in Ranged Weapons
  4736 | D:5      | 4736 ||| Stepping ~*~*~tactically~*~*~ (retreating).
  4737 | D:5      | 4737 ||| Stepping ~*~*~tactically~*~*~ (retreating).
  4738 | D:5      | 4738 ||| Stepping ~*~*~tactically~*~*~ (retreating).
  4762 | D:5      | 4762 ||| FLEEEEING.
  4766 | D:5      | 4766 ||| FLEEEEING.
  4767 | D:5      | 4767 ||| FLEEEEING.
  4768 | D:5      | 4768 ||| FLEEEEING.
  4769 | D:5      | 4769 ||| FLEEEEING.
  4770 | D:5      | 4770 ||| FLEEEEING.
  4771 | D:5      | 4771 ||| FLEEEEING.
  4772 | D:5      | 4772 ||| FLEEEEING.
  4782 | D:5      | 4782 ||| FLEEEEING.
  4791 | D:5      | 4791 ||| STAIRDANCE
  4829 | D:4      | 4829 ||| READING 2 scrolls of identify.
  4829 | D:4      | 4829 ||| IDENTIFYING dark potion
  4830 | D:4      | 4830 ||| DROPPING potion of degeneration.
  4834 | D:5      | 4834 ||| STAIRDANCE
  4845 | D:4      | Killed Eustachio
  4846 | D:4      | Reached skill level 6 in Fighting
  4907 | D:4      | 4907 ||| UPGRADING to +3 leather armour.
  5110 | D:5      | Found a staircase to the Ecumenical Temple.
  5111 | D:5      | 5111 ||| PLANNING TEMPLE
  5125 | Temple   | Entered the Ecumenical Temple
  5126 | Temple   | 5126 ||| PLANNING OKAWARU WORSHIP
  5150 | Temple   | Became a worshipper of Warmaster Okawaru
  5151 | Temple   | 5151 ||| PLANNING D:1-11
  5440 | D:6      | HP: 11/51 [steam dragon (7)]
  5441 | D:6      | 5441 ||| READING scroll of teleportation.
  5441 | D:6      | HP: 4/51 [steam dragon (7)]
  5609 | D:6      | Found a runed translucent gate.
  5609 | D:6      | Found a runed translucent gate.
  5609 | D:6      | Noticed a kobold demonologist
  5610 | D:6      | Noticed a komodo dragon
  5611 | D:6      | Found a runed translucent gate.
  5612 | D:6      | Noticed qw's ghost (novice GrHu)
  5656 | D:6      | Reached skill level 10 in Ranged Weapons
  5705 | D:6      | Reached XP level 9. HP: 50/56 MP: 9/9
  5748 | D:6      | Reached * piety under Okawaru
  5758 | D:6      | 5758 ||| INVOKING Heroism.
  5765 | D:6      | Reached skill level 3 in Dodging
  5867 | D:6      | 5867 ||| INVOKING Heroism.
  5986 | D:6      | Noticed Duvessa
  5987 | D:6      | 5987 ||| INVOKING Heroism.
  5989 | D:6      | Noticed Dowan
  5995 | D:6      | Killed Duvessa
  6007 | D:6      | Killed Dowan
  6245 | D:6      | 6245 ||| READING scroll labelled WASUX OMNIDIMETSUG.
  6246 | D:6      | 6246 ||| DRINKING 3 glowing green potions.
  6270 | D:6      | 6270 ||| READING 2 scrolls of identify.
  6270 | D:6      | 6270 ||| IDENTIFYING inky potion
  6271 | D:6      | 6271 ||| DROPPING 2 potions of lignification.
  6325 | D:7      | 6325 ||| RETREATING.
  6325 | D:7      | Noticed a gargoyle
  6331 | D:7      | HP: 9/57 [gargoyle/stone arrow (25)]
  6332 | D:7      | 6332 ||| DRINKING potion of heal wounds.
  6343 | D:7      | Slain by a gargoyle

Levels and vault maps discovered:
D:1:      minmay_arrival_three_doors, layout_basic,
          ebering_ecumenical_altar_rust
D:2:      wander_river, layout_loops_cross, dk_vineyard_1,
          minmay_parallelograms, uniq_robin, uniq_natasha, uniq_terence
D:3:      layout_basic
D:4:      layout_loops_ring, chequers_serial_rivers_small_3, st_stairs_11
D:5:      layout_basic, gammafunk_temple_overflow_forgotten,
          minmay_temple_entry_junction, st_stairs_7, mrwooster_statue_mirror,
          kennysheep_generic_room_6, uniq_eustachio
D:6:      kennysheep_steamy, layout_basic, gammafunk_ghost_split,
          hangedman_abyss_or_decor_stagger, uniq_duvessa
D:7:      minmay_opposing_rooms, layout_loops_ring, grunt_ministairs_2,
          skrybe_limestone_x, minmay_manual_mail
Temple:   minmay_crystal_spiral_temple

Skill      XL: |  1  2  3  4  5  6  7  8  9 |
---------------+----------------------------+-----
Armour         | 1 2 |  2.0
Ranged Weapons | 5 6 7 8 10 | 10.3
Fighting       | 3 4 5 6 7 |  7.0
Dodging        | 2 3 |  3.2
Stealth        | |  1.1

Action                     |  1- 3 |  4- 6 |  7- 9 || total
---------------------------+-------+-------+-------++-------
   Fire: Shortbow          |    69 |   274 |   421 ||   764
 Invoke: Heroism           |       |       |     3 ||     3
    Use: Scroll            |     3 |     4 |    10 ||    17
         Potion            |       |     1 |     5 ||     6
 Armour: Leather armour    |     9 |       |    73 ||    82
         Ring mail         |    16 |   161 |   141 ||   318
  Dodge: Dodged            |    17 |    80 |   159 ||   256
  Block: Other             |     2 |    19 |       ||    21

Table legend:
 A = Non-vault XP
 B = Vault XP
 C = Vault XP percentage of total XP
 D = Non-vault monster count
 E = Vault monster count
 F = Vault count percentage of total count
                 A         B        C        D         E       F
            +---------+---------+-------+---------+---------+-------
      Total |    1889 |    1110 |  37.0 |     110 |      26 |  19.1
            +---------+---------+-------+---------+---------+-------
        D:1 |      35 |       0 |   0.0 |      19 |       0 |   0.0
        D:2 |      12 |     107 |  89.9 |       7 |      13 |  65.0
        D:3 |     108 |      39 |  26.5 |      24 |       1 |   4.0
        D:4 |     572 |     189 |  24.8 |      23 |       3 |  11.5
        D:5 |     706 |     152 |  17.7 |      25 |       4 |  13.8
        D:6 |     456 |     586 |  56.2 |      12 |       4 |  25.0
        D:7 |       0 |      37 | 100.0 |       0 |       1 | 100.0
            +---------+---------+-------+---------+---------+-------
